 Dungeon Crawl Stone Soup version 0.30-a0-972-gf3ab3527aa (webtiles) character file.

Game seed: 17787018941861746094

8154 Sobieck the Fighter (level 11, -2/93 HPs)
             Began as a Mummy Gladiator on Mar 31, 2023.
             Was an Elder of Uskayaw.
             Slain by an ogre
             ... wielding a +0 giant spiked club
              (5 damage)
             ... while petrified by Jorgrun
             ... on level 1 of the Orcish Mines.
             The game lasted 00:24:58 (10099 turns).

Sobieck the Fighter (Mummy Gladiator)              Turns: 10099, Time: 00:24:59

Health: -2/93      AC: 12    Str: 23    XL:     11   Next: 6%
Magic:  14/14      EV: -1    Int:  7    God:    Uskayaw [****..]
Gold:   990        SH:  0    Dex: 13    Spells: 10/10 levels left

rFire   x . .      SeeInvis .    a - +4 quick blade (vamp) {shortrare=g}
rCold   + . .      Faith    +    D - +2 buckler
rNeg    + + +      Spirit   .    s - +0 troll leather armour
rPois   ∞          Reflect  .    o - +1 helmet
rElec   .          Rampage  .    q - +1 cloak
rCorr   +                        (no gloves)
Will    +....                    (no boots)
Stlth   +                        (no amulet)
HPRegen 1.15/turn                n - ring of resist corrosion
MPRegen 0.14/turn                C - +4 ring of protection

@: petrified, grasped by roots, constricted, studying Shields
A: cold resistance 1, negative energy resistance 3, torment resistance 2, heat
vulnerability 1, in touch with death 1, no potions, faith
a: Renounce Religion, Stomp, Line Pass


You were on level 1 of the Orcish Mines.
You worshipped Uskayaw.
Uskayaw was noncommittal.
You visited 3 branches of the dungeon, and saw 13 of its levels.
You also visited: Bailey.

You collected 1213 gold pieces.
You spent 223 gold pieces at shops.


Innate Abilities, Weirdness & Mutations

You are immune to poison.
Your flesh is cold resistant. (rC+)
You are immune to negative energy. (rN+++)
You are immune to unholy pain and torment.
You are vulnerable to heat. (rF-)
You are in touch with the powers of death.
You do not drink.
You have a special connection with the divine. (Faith)


   Skills:
 + Level 11.0 Fighting
 + Level 7.9 Short Blades
 - Level 1.5 Throwing
 - Level 2.4 Dodging
 - Level 6.8 Unarmed Combat
 - Level 5.0 Invocations


You had 10 spell levels left.
You didn't know any spells.
Your spell library contained the following spells:

 Spells                   Type           Power      Damage    Failure   Level
 Freeze                   Ice            0%         1d3       58%         1
 Magic Dart               Conj           0%         1d3       58%         1
 Call Imp                 Summ           0%         N/A       75%         2
 Dazzling Flash           Conj/Hex       0%         N/A       92%         3
 Frozen Ramparts          Ice            0%         1d1       92%         3
 Hailstorm                Conj/Ice       0%         3d3       92%         3
 Ignite Poison            Fire/Tmut/Pois 0%         N/A       92%         3
 Mephitic Cloud           Conj/Pois/Air  0%         N/A       92%         3
 Sticky Flame             Conj/Fire      0%         2d3       100%        4
 Agony                    Necr           0%         N/A       100%        5
 Silence                  Hex/Air        0%         N/A       100%        5
 Ignition                 Fire           0%         3d3       100%        8

Inventory:

Hand Weapons
 a - a +4 vampiric quick blade (weapon) {shortrare=g}
   (You acquired it on level 6 of the Dungeon)
 b - a +0 sling
   (You found it on level 1 of the Dungeon)
 h - a +0 dagger {short}
   (You took it off a goblin on level 1 of the Dungeon)
 F - a +0 heavy long sword {long}
   (You found it on level 4 of the Dungeon)
 Y - the +0 long sword of Defiance {venom, rF+ Stlth+, long}
   (You found it on level 8 of the Dungeon)

   rF:        It protects you from fire.
   Stlth:     It makes you more stealthy.
Missiles
 c - 4 throwing nets {=f!fthrowing}
 d - 10 javelins {throwing}
 g - 146 stones {throwing}
 v - 18 poisoned darts (quivered) {throwing}
Armour
 o - a +1 helmet (worn)
 q - a +1 cloak (worn)
   (You found it on level 1 of the Dungeon)
 s - a +0 troll leather armour (worn)
   (You found it on level 9 of the Dungeon)
 w - a +0 leather armour
   (You found it on level 2 of the Dungeon)
 B - the +0 robe of Eternity {rN++ Str-2}
   (You found it on level 3 of the Dungeon)

   Str:       It affects your strength (-2).
   rN:        It greatly protects you from negative energy.
 D - a +2 buckler (worn)
   (You found it on level 3 of the Dungeon)
 E - a +0 ring mail
   (You found it on level 3 of the Dungeon)
 G - a +0 scale mail
   (You found it on level 4 of the Dungeon)
 I - a +0 leather armour
   (You took it off an orc priest on level 4 of the Dungeon)
 J - a +0 robe
   (You took it off a wight on level 7 of the Dungeon)
 L - a +0 robe
   (You found it on level 5 of the Dungeon)
 M - a +0 leather armour
 N - a +0 robe
   (You took it off an orc wizard on level 6 of the Dungeon)
 O - a +0 leather armour
   (You took it off an orc on level 6 of the Dungeon)
 P - a +0 robe
   (You took it off a wight on level 6 of the Dungeon)
 Q - a +0 robe
   (You took it off a wight on level 6 of the Dungeon)
 R - a +0 robe
   (You took it off a wight on level 6 of the Dungeon)
 T - a +0 robe
   (You took it off a wight on level 6 of the Dungeon)
 U - a +0 ring mail
   (You took it off a gnoll sergeant on level 7 of the Dungeon)
 V - a +0 robe
   (You took it off a wight on level 7 of the Dungeon)
 W - a +0 leather armour
   (You found it on level 7 of the Dungeon)
 X - a +0 robe
   (You took it off a wight on level 7 of the Dungeon)
 Z - a +0 pair of gloves
   (You found it on level 7 of the Dungeon)
Magical Staves
 z - a staff of death {!astaff}
   (You found it on level 2 of the Dungeon)
Jewellery
 i - a ring of ice
   (You found it on level 10 of the Dungeon)
 n - a ring of resist corrosion (left hand)
   (You found it on level 1 of the Dungeon)
 y - a ring of flight
   (You found it on level 2 of the Dungeon)
 C - a +4 ring of protection (right hand)
   (You found it on level 3 of the Dungeon)
Wands
 e - a wand of iceblast (7)
   (You found it on level 9 of the Dungeon)
 u - a wand of polymorph (20)
   (You found it on level 4 of the Dungeon)
 A - a wand of mindburst (5)
   (You took it off Maggie on level 10 of the Dungeon)
Scrolls
 f - 4 scrolls of identify {@r1}
 j - a scroll of torment
 k - 2 scrolls of butterflies
 l - a scroll of fog
 m - a scroll of silence {!r}
 p - a scroll of vulnerability {!r!r}
 r - 5 scrolls of teleportation {@r4}
 t - a scroll of magic mapping {!r}
 x - 3 scrolls of amnesia
 H - a scroll of fear
 K - a scroll of blinking {!r}
 S - 2 scrolls of poison

Dungeon Overview and Level Annotations

Branches:
Dungeon (11/15) Zot: 26944  Temple (1/1) D:4 Zot: 5834     Orc (1/2) D:10 Zot: 5967
 Bailey (visited)
   Lair: D:8-11

Altars:
Ashenzari
Cheibriados
Dithmenos
Fedhas
Gozag
Hepliaklqana
Kikubaaqudgha
Makhleb
Nemelex Xobeh
Okawaru
Qazlal
Ru
Sif Muna
Trog
Uskayaw
Vehumet
Wu Jian
Xom
Yredelemnul

Shops:
D:6 !?(*   D:9 *(

Annotations:
D:2 1 runed translucent door, Crazy Yiuf
Orc:1 Jorgrun

#..............
#..............
#.......#..#...
##.......#....>.
#...............
#........oo...$.
#....#Oooo.....
#...O@g.....#
##.$..[o......
##.....##.#...#
##.#...####...#.
#......#.#...# #
##.#.........#.#
##.....#.#......
#.......#.......
##.............$


You could see Jorgrun, 2 orc warriors, 2 ogres, 3 orc wizards and an orc.


Message History

You hit the troll.
You feel better.
Uskayaw will force your foes to helplessly watch your dance.
Uskayaw prepares the audience for your solo!
The helpless troll fails to defend itself.
You puncture the troll!
You kill the troll!
The troll leather armour is intact enough to wear.
Jorgrun is no longer paralysed.
An orc wizard comes into view. It is wielding a +0 dagger.
An ogre comes into view. It is wielding a +0 giant club.
Your Fighting skill increases to level 11!
Unknown command.
The helpless warg fails to defend itself.
You puncture the warg!
You feel better.
Uskayaw will force your foes to share their pain.
Uskayaw links your audience in an emotional bond!
The helpless warg fails to defend itself.
You impale the warg!!
You kill the warg!
The ogre shouts!
You hear a shout!
Uskayaw links your audience in an emotional bond!
An ogre comes into view. It is wielding a +0 giant spiked club.
The ogre shouts!
The ogre is no longer paralysed.
The orc warrior is no longer paralysed.
The ogre completely misses you.
You barely miss the ogre.
The orc wizard is no longer paralysed.
Jorgrun casts a spell at you.
You are slowing down.
You hit the ogre but do no damage. The ogre hits you with a +0 giant club!
You hit the ogre.
You feel better.
The orc wizard points at you and mumbles some strange words.
The magic dart hits you but does no damage.
An orc comes into view. It is wielding a +0 short sword.
An orc warrior comes into view. It is wielding a +0 trident.
Jorgrun casts a spell at you. You resist with significant effort.
Unknown command.
You hit the ogre.
You feel better.
Your limbs are stiffening.
You can now merge with and destroy a victim.
You puncture the ogre!
You feel better.
You kill the ogre!
Unknown command.
The orc wizard casts a spell at you. The magic dart hits you!
The orc warrior hits you with a +0 battleaxe!
An orc wizard comes into view. It is wielding a +0 dagger.
You have turned to stone.
The orc wizard shouts!
Jorgrun is no longer sharing his pain.
The orc wizard hits you but does no damage.
The orc warrior hits you but does no damage.
Jorgrun hits you with a staff of earth! Jorgrun shatters you!!
The orc wizard hits you with a +0 dagger.
The orc warrior hits you with a +0 battleaxe!
The ogre completely misses you. Jorgrun hits you with a staff of earth.
The ogre is no longer sharing its pain.
The orc wizard is no longer sharing its pain.
The orc wizard hits you but does no damage.
The orc wizard gestures at you while chanting.
The puff of flame hits you but does no damage.
The orc warrior hits you with a +0 battleaxe!
The orc warrior hits you but does no damage.
Jorgrun gestures at you while chanting.
Roots burst forth from the earth!
The grasping roots grab you! The grasping roots constrict you!
The ogre hits you with a +0 giant spiked club!
You can no longer merge with and destroy a victim.
The orc wizard hits you but does no damage. x2
The orc warrior hits you with a +0 battleaxe!
* * * LOW HITPOINT WARNING * * *
The orc warrior hits you from afar with a +0 trident.
* * * LOW HITPOINT WARNING * * *
Jorgrun says, "A few more walls knocked out 'ere an' thar an' 'tis whole place will come crashin' down."
Jorgrun hits you but does no damage. Jorgrun shatters you!!
* * * LOW HITPOINT WARNING * * *
The grasping roots constrict you.
* * * LOW HITPOINT WARNING * * *
The orc wizard is no longer sharing its pain.
The orc wizard hits you but does no damage. x2
The orc warrior hits you with a +0 battleaxe!
* * * LOW HITPOINT WARNING * * *
The orc warrior hits you from afar with a +0 trident!
* * * LOW HITPOINT WARNING * * *
Jorgrun hits you with a staff of earth.
* * * LOW HITPOINT WARNING * * *
Jorgrun shatters you.
* * * LOW HITPOINT WARNING * * *
The grasping roots constrict you!
* * * LOW HITPOINT WARNING * * *
The orc warrior is no longer sharing its pain.
The orc wizard hits you but does no damage.
The orc wizard hits you with a +0 dagger.
The orc warrior hits you with a +0 battleaxe!
* * * LOW HITPOINT WARNING * * *
The orc warrior hits you from afar with a +0 trident.
* * * LOW HITPOINT WARNING * * *
The ogre hits you with a +0 giant spiked club!
You die...

Skill      XL: |  1  2  3  4  5  6  7  8  9 10 11 |
---------------+----------------------------------+-----
Unarmed Combat | 3 4 5 6 |  6.8
Fighting       | 3 4 5 6 8 10 11 | 11.0
Invocations    | 2 4 5 |  5.0
Short Blades   | 2 5 7 |  7.9
Throwing       | |  1.5
Dodging        | |  2.4

Action                     |  1- 3 |  4- 6 |  7- 9 | 10-12 || total
---------------------------+-------+-------+-------+-------++-------
  Melee: Unarmed           |   140 |   186 |   300 |       ||   626
         Punch             |     1 |       |       |       ||     1
         Quick blade       |       |       |   446 |   373 ||   819
   Fire: Sling             |    25 |    38 |     2 |       ||    65
  Throw: Dart              |       |       |     8 |       ||     8
 Invoke: Stomp             |       |     1 |     7 |     3 ||    11
         Line Pass         |       |     1 |    10 |     7 ||    18
    Use: Scroll            |       |     6 |    12 |     3 ||    21
   Stab: Paralysed         |       |     2 |    32 |    23 ||    57
         Confused          |       |       |     1 |     1 ||     2
 Armour: Leather armour    |     4 |       |       |       ||     4
         Chain mail        |    89 |    68 |       |       ||   157
         Scale mail        |       |    52 |   225 |       ||   277
         Troll leather arm |       |       |    54 |    55 ||   109
  Dodge: Dodged            |    56 |    77 |   277 |    78 ||   488
  Block: Buckler           |       |    46 |   152 |    36 ||   234

Levels and vault maps discovered:
D:1:      eino_arrival_druids_welcome, layout_rooms,
          ebering_ecumenical_altar_abandoned, st_stairs_2,
          hangedman_decor_clover_reticule, minmay_cupped
D:2:      layout_basic, minmay_misc_feat_more_columns, uniq_crazy_yiuf_cottage
D:3:      layout_loops_ring, mainiacjoe_overflow_six_doors_small,
          minmay_misc_feat_ornament
D:4:      layout_gridville, kennysheep_mini, minmay_temple_entry_hall,
          nicolae_half_adder
D:5:      layout_loops_ring
D:6:      layout_cave_pools, serial_shops, shop,
          nicolae_shop_competitors_out_of_business, shop,
          nicolae_inconvenience_store
D:7:      layout_basic, nicolae_overflow_hidden_temple
D:8:      layout_cave_pods, lemuel_round_altar, tso_oasis_becter,
          mainiacjoe_overflow_small_starburst, grunt_ministairs_7
D:9:      layout_loops_cross, enter_bailey_7, serial_shops,
          nicolae_shop_crystal, nicolae_take_the_stairs, minivault_25
D:10:     layout_gridville, orc_0_dummy,
          hangedman_abyss_or_decor_jellyfish_corner, uniq_maggie
D:11:     layout_roguey, hellmonk_lair_entry_icy
Temple:   minmay_temple_bridge_d
Orc:1:    cheibrodos_orc_bank, layout_caves, serial_shops,
          nicolae_shop_behind_doors, uniq_sonja, uniq_jorgrun

Notes
Turn   | Place    | Note
-------+----------+-------------------------------------------
     0 | D:1      | Sobieck the Mummy Gladiator began the quest for the Orb.
     0 | D:1      | Reached XP level 1. HP: 16/16 MP: 1/1
    42 | D:1      | Found a faded altar of an unknown god.
   100 | D:1      | Reached XP level 2. HP: 9/22 MP: 2/2
   325 | D:1      | Reached skill level 3 in Unarmed Combat
   619 | D:1      | Gained mutation: You are in touch with the powers of death.
                  | [Mummy growth]
   619 | D:1      | Reached XP level 3. HP: 28/28 MP: 3/3
  1496 | D:2      | Found a runed translucent door.
  1497 | D:2      | Noticed Crazy Yiuf
  1640 | D:3      | Noticed a scorpion
  1661 | D:3      | Killed a scorpion
  1662 | D:3      | Reached skill level 3 in Fighting
  1662 | D:3      | Reached skill level 4 in Unarmed Combat
  1662 | D:3      | Reached XP level 4. HP: 26/35 MP: 4/4
  1698 | D:3      | Identified the +0 robe of Eternity {rN++ Str-2}
  1869 | D:3      | Reached XP level 5. HP: 41/41 MP: 5/5
  2123 | D:3      | Found a shimmering blue altar of Sif Muna.
  2621 | D:4      | Found the +7 Kryia's mail coat {PotionHeal*2 rC+}
  2735 | D:4      | Found a staircase to the Ecumenical Temple.
  2743 | Temple   | Entered the Ecumenical Temple
  2837 | Temple   | Became a worshipper of Uskayaw the Reveller
  2943 | D:4      | Reached * piety under Uskayaw
  2954 | D:4      | Reached skill level 4 in Fighting
  2954 | D:4      | Reached XP level 6. HP: 33/48 MP: 2/6
  2955 | D:4      | Reached ** piety under Uskayaw
  3031 | D:4      | Reached skill level 5 in Unarmed Combat
  3406 | D:4      | Reached *** piety under Uskayaw
  3409 | D:4      | Reached **** piety under Uskayaw
  3416 | D:4      | Reached ***** piety under Uskayaw
  3560 | D:4      | Found an iron altar of Okawaru.
  3602 | D:5      | Entered Level 5 of the Dungeon
  3679 | D:5      | You pick up a book of Minor Magic and begin reading...
  3679 | D:5      | You add the spells Magic Dart, Call Imp and Mephitic Cloud
                  | to your library.
  3752 | D:5      | Reached XP level 7. HP: 55/55 MP: 7/7
  3807 | D:5      | Reached skill level 1 in Invocations
  3964 | D:5      | Reached skill level 6 in Unarmed Combat
  3971 | D:5      | Reached skill level 5 in Fighting
  3971 | D:5      | Reached skill level 2 in Invocations
  4060 | D:5      | You pick up a book of Frost and begin reading...
  4060 | D:5      | You add the spells Freeze, Frozen Ramparts and Hailstorm to
                  | your library.
  4441 | D:6      | Found Dosku's Distillery.
  4526 | D:6      | Reached XP level 8. HP: 62/62 MP: 4/9
  4689 | D:6      | Found Reibosch's Antique Weapon Shoppe.
  4722 | D:6      | Found Taucotz's General Store.
  4741 | D:6      | Found Siuc Tes's Magic Scroll Emporium.
  4750 | D:6      | Bought a scroll of identify for 22 gold pieces
  4750 | D:6      | Bought a scroll of identify for 22 gold pieces
  4751 | D:6      | Identified a scroll of acquirement
  4752 | D:6      | Acquired a +2 vampiric quick blade
  4753 | D:6      | M - a +2 vampiric quick blade {shortrare=g}
  4754 | D:6      | M - a +2 vampiric quick blade {shortrare=g}
  4754 | D:6      | a - a +2 vampiric quick blade {shortrare=g}
  4754 | D:6      | a - a +2 vampiric quick blade (weapon) {shortrare=g}
  4759 | D:6      | You add the spells Ignite Poison, Sticky Flame and Ignition
                  | to your library.
  4817 | D:6      | a - a +2 vampiric quick blade (weapon) {shortrare=g}
  4864 | D:6      | Bought a scroll of enchant weapon for 82 gold pieces
  4864 | D:6      | your +2 vampiric quick blade {shortrare=g} glows red for a
                  | moment.
  5001 | D:6      | Reached skill level 3 in Invocations
  5187 | D:6      | Bought a scroll of enchant armour for 97 gold pieces
  5278 | D:7      | Reached skill level 1 in Short Blades
  5396 | D:6      | Reached skill level 6 in Fighting
  5433 | D:7      | Identified the +3 quarterstaff of Guodei {freeze, rN++
                  | Will- Int+3 Dex+4}
  5458 | D:7      | Reached skill level 2 in Short Blades
  5465 | D:7      | Reached skill level 4 in Invocations
  5690 | D:7      | your +3 vampiric quick blade {shortrare=g} glows red for a
                  | moment.
  5766 | D:7      | Found a stormy altar of Qazlal.
  5951 | D:7      | Reached XP level 9. HP: 60/71 MP: 12/12
  5957 | D:7      | Reached ****** piety under Uskayaw
  5977 | D:7      | Reached skill level 3 in Short Blades
  6319 | D:8      | Found a shimmering altar of Xom.
  6335 | D:8      | Reached skill level 7 in Fighting
  6335 | D:8      | a - a +4 vampiric quick blade (weapon) {shortrare=g}
  6370 | D:8      | Identified the +0 long sword of Defiance {venom, rF+
                  | Stlth+}
  6539 | D:8      | Found an ornate altar of the Wu Jian Council.
  6733 | D:8      | Reached skill level 5 in Invocations
  7190 | D:8      | Reached skill level 4 in Short Blades
  7264 | D:9      | Noticed a troll
  7304 | D:9      | Killed a troll
  7433 | D:9      | Found Kienih's General Store.
  7467 | D:9      | Found a flagged portal.
  7494 | Bailey   | Entered a bailey
  7556 | Bailey   | Reached skill level 8 in Fighting
  7772 | Bailey   | Reached skill level 5 in Short Blades
  7817 | Bailey   | Noticed an orc knight
  7839 | Bailey   | HP: 18/75 [orc/+0 spear (8)]
  7849 | Bailey   | HP: 10/75 [orc knight/+0 halberd (12)]
  7856 | Bailey   | Acquired 642 gold pieces
  7863 | Bailey   | HP: 17/75 [orc knight/+0 halberd (4)]
  7868 | Bailey   | HP: 2/75 [orc knight/+0 halberd (10)]
  8108 | D:9      | Reached XP level 10. HP: 54/82 MP: 13/13
  8369 | D:9      | Reached skill level 9 in Fighting
  8399 | D:9      | Reached skill level 6 in Short Blades
  8418 | D:9      | Found Iblet's Weapon Shoppe.
  8707 | D:10     | Entered Level 10 of the Dungeon
  8830 | D:10     | Reached skill level 10 in Fighting
  8950 | D:10     | Reached skill level 7 in Short Blades
  9014 | D:10     | You pick up a book of the Senses and begin reading...
  9014 | D:10     | You add the spells Dazzling Flash, Agony and Silence to
                  | your library.
  9015 | D:10     | Your damage rating with your +4 vampiric quick blade
                  | {shortrare=g} is about 9 (Base 4 x 107% (Dex) x 133%
                  | (Skill) + 4 (Ench)).
  9282 | D:10     | Noticed a two-headed ogre
  9307 | D:10     | Killed a two-headed ogre
  9369 | D:10     | Found a staircase to the Orcish Mines.
  9665 | D:10     | Noticed Maggie
  9713 | D:10     | Killed Maggie
  9814 | D:10     | HP: 21/86 [komodo dragon (23)]
  9833 | D:10     | Reached XP level 11. HP: 34/92 MP: 9/14
 10009 | D:11     | Noticed a skeletal warrior
 10010 | D:11     | Noticed a skeletal warrior
 10010 | D:11     | Noticed a skeletal warrior
 10054 | Orc:1    | Entered Level 1 of the Orcish Mines
 10079 | Orc:1    | Noticed Jorgrun
 10085 | Orc:1    | Reached skill level 11 in Fighting
 10098 | Orc:1    | HP: 18/93 [orc warrior/+0 trident (6)]
 10099 | Orc:1    | HP: 4/93 [orc warrior/+0 battleaxe (8)]
 10099 | Orc:1    | Slain by an ogre

Vanquished Creatures
  A two-headed ogre (D:10)
  Maggie (D:10)
  A komodo dragon (D:10)
  3 trolls
  2 hornets
  A wraith (D:10)
  15 yaks
  A steam dragon (D:10)
  A warg (Orc:1)
  2 water moccasins
  4 orc warriors (Bailey)
  A black bear (D:6)
  2 ice beasts
  A sky beast (D:7)
  2 ogres
  3 centaurs
  A kobold brigand (D:10)
  A bullfrog (D:8)
  2 scorpions
  3 gnoll sergeants (D:7)
  12 wights
  2 howler monkeys (D:8)
  An electric eel (D:6)
  5 orc priests
  2 hounds
  A jelly (D:5)
  A gnoll bouda (D:8)
  5 orc wizards
  3 iguanas
  2 sleepcaps
  16 adders
  18 gnolls
  2 shadow imps
  3 white imps
  2 worms
  3 dart slugs
  25 orcs
  5 bats
  8 endoplasms
  2 giant cockroaches
  9 goblins
  3 hobgoblins
  6 jackals
  11 kobolds
  A quokka (D:1)
  5 ball pythons
  5 frilled lizards
  4 rats
210 creatures vanquished.

Table legend:
 A = Non-vault XP
 B = Vault XP
 C = Vault XP percentage of total XP
 D = Non-vault monster count
 E = Vault monster count
 F = Vault count percentage of total count
                 A         B        C        D         E       F
            +---------+---------+-------+---------+---------+-------
      Total |   10460 |    1189 |  10.2 |     178 |      32 |  15.2
            +---------+---------+-------+---------+---------+-------
        D:1 |      33 |       9 |  21.4 |      20 |       5 |  20.0
        D:2 |      43 |       0 |   0.0 |      13 |       0 |   0.0
        D:3 |     167 |       0 |   0.0 |      14 |       0 |   0.0
        D:4 |     295 |      67 |  18.5 |      15 |       5 |  25.0
        D:5 |     604 |       0 |   0.0 |      14 |       0 |   0.0
        D:6 |     741 |       0 |   0.0 |      17 |       0 |   0.0
        D:7 |    1193 |       0 |   0.0 |      30 |       0 |   0.0
        D:8 |     695 |     109 |  13.6 |      10 |       2 |  16.7
        D:9 |    2065 |      32 |   1.5 |      19 |       4 |  17.4
       D:10 |    4043 |     395 |   8.9 |      22 |       1 |   4.3
       D:11 |       1 |       0 |   0.0 |       1 |       0 |   0.0
      Orc:1 |     580 |       0 |   0.0 |       3 |       0 |   0.0
     Bailey |       0 |     577 | 100.0 |       0 |      15 | 100.0
            +---------+---------+-------+---------+---------+-------

Illustrated notes

Table legend:
 A = Kills in this place as a percentage of kills in the entire game.
 B = Kills by you in this place as a percentage of kills by you in the entire game.
 C = Kills by friends in this place as a percentage of kills by friends in the entire game.
 D = Other kills in this place as a percentage of other kills in the entire game.
 E = Experience gained in this place as a percentage of experience gained in the entire game.
 F = Experience gained in this place divided by the number of levels of this place that you have seen.
                   A       B       C       D       E      F
               +-------+-------+-------+-------+-------+----------------------
         Total | 100.0 | 100.0 |   N/A | 100.0 | 100.0 | 832.1
       Dungeon |  91.4 |  92.3 |   N/A |   0.0 |  90.1 | 953.8
  Orcish Mines |   1.4 |   1.4 |   N/A |   0.0 |   5.0 | 580.0
        Bailey |   7.1 |   6.2 |   N/A | 100.0 |   5.0 | 577.0
               +-------+-------+-------+-------+-------+----------------------

Table legend: (Time is in decaauts)
 A = Elapsed time spent in this place.
 B = Non-inter-level travel time spent in this place.
 C = Inter-level travel time spent in this place.
 D = Time resting spent in this place.
 E = Time spent auto-exploring this place.
 F = Levels seen in this place.
 G = Mean time per level.
                   A        B        C        D        E       F      G
               +--------+--------+--------+--------+--------+-----+--------+
         Total |   9666 |   9127 |    539 |    619 |   6461 |  14 |  690.4 |
       Dungeon |   9184 |   8747 |    437 |    619 |   6355 |  11 |  834.9 |
        Temple |    165 |     64 |    101 |      0 |     60 |   1 |  165.0 |
  Orcish Mines |     31 |     31 |      0 |      0 |     12 |   1 |   31.0 |
        Bailey |    285 |    285 |      0 |      0 |     34 |   1 |  285.0 |
               +--------+--------+--------+--------+--------+-----+--------+

Top non-repeatable levels by time:
    D:10: 1157 daAuts
     D:7: 1006 daAuts
     D:4: 993 daAuts
     D:9: 976 daAuts
     D:8: 919 daAuts
     D:2: 903 daAuts
     D:6: 859 daAuts
     D:3: 813 daAuts
     D:5: 800 daAuts
     D:1: 723 daAuts
  Bailey: 285 daAuts
  Temple: 165 daAuts
   Orc:1: 31 daAuts
    D:11: 30 daAuts
